 Dungeon Crawl Stone Soup version 0.30-a0-373-gd37427bb62 (webtiles) character file.

Game seed: 15266924938154427351

42458 greenreed the Spear-Bearer (level 14, 0/87 (103) HPs)
             Began as a Formicid Fighter on Nov 24, 2022.
             Was a High Priest of Hepliaklqana.
             Succumbed to a death drake's dark miasma
             ... in a Gauntlet on Nov 25, 2022.
             The game lasted 00:52:41 (16853 turns).

greenreed the Spear-Bearer (Formicid Fighter)      Turns: 16853, Time: 00:52:48

HP:   0/87 (103)    AC: 23    Str: 31    XL:     14   Next: 55%
MP:   22/22         EV:  8    Int:  9    God:    Hepliaklqana [*****.]
Gold: 851           SH: 13    Dex: 13    Spells: 20/23 levels left

rFire   + + .      SeeInvis +    z - +11 trident of Wewkoaze {holy, Fly rF++ Will+}
rCold   . . .      Faith    .    S - +2 kite shield
rNeg    . . .      Spirit   .    j - +4 plate armour
rPois   .          Reflect  .    (helmet unavailable)
rElec   .          Harm     .    n - scarf {+Inv}
rCorr   .          Rampage  .    Y - +0 pair of gloves
Will    +++..                    b - +2 pair of boots
Stlth   ..........               (no amulet)
HPRegen 0.34/turn                T - ring of willpower
MPRegen 0.18/turn                L - +6 ring of strength

@: lethally poisoned (0 -> -16), flying, heavily drained
A: reduced essence, permanent stasis, dig shafts and tunnels, antennae 3, four
strong arms, mutation resistance 1, MP-powered wands
a: Dig, Renounce Religion, Evoke Invisibility, Recall Ancestor, Ancestor
Identity, Transference, Idealise


You were in a Gauntlet.
You worshipped Hepliaklqana.
Hepliaklqana was extremely pleased with you.
You visited 3 branches of the dungeon, and saw 17 of its levels.
You also visited: Gauntlet.

You collected 1030 gold pieces.
You spent 179 gold pieces at shops.

Inventory:

Hand Weapons
 i - the +2 glaive "Ecrifeiff" {vorpal, *Corrode Dex+6}
   (You found it in a Gauntlet)

   It inflicts extra damage upon your enemies.
   Dex:       It affects your dexterity (+6).
   *Corrode:  It may corrode you when you take damage.
 z - the +11 trident of Wewkoaze (weapon) {holy, Fly rF++ Will+}
   (You found it on level 5 of the Dungeon)

   It has been blessed by the Shining One to cause great damage to the undead
   and demons.
   rF:        It greatly protects you from fire.
   Fly:       It grants you flight.
   Will:      It increases your willpower.
 U - a +2 vampiric spear
 X - a +1 glaive
Missiles
 s - 28 poisoned darts
 V - 5 curare-tipped darts
Armour
 b - a +2 pair of boots (worn)
 j - a +4 plate armour (worn)
 n - a scarf of invisibility (worn)
 S - a +2 kite shield (worn)
 Y - a +0 pair of gloves (worn)
Jewellery
 k - a ring of wizardry
 J - a +4 ring of evasion
 L - a +6 ring of strength (right hand)
 P - a +6 ring of dexterity
 T - a ring of willpower (left hand)
 W - a +4 ring of protection
 Z - a ring of poison resistance
Wands
 a - a wand of light (10)
 c - a wand of polymorph (4)
 o - a wand of digging (7)
 p - a wand of mindburst (12)
 N - a wand of flame (8)
 Q - a wand of iceblast (13)
 R - a wand of paralysis (10)
Scrolls
 g - a scroll of acquirement {unknown}
 t - 5 scrolls of vulnerability
 v - a scroll of magic mapping
 x - 8 scrolls of fog
 y - a scroll of immolation
 A - 2 scrolls of identify
 C - 4 scrolls of poison
 E - 2 scrolls of torment
 F - 2 scrolls of fear
 H - 2 scrolls of enchant weapon
 I - 3 scrolls of silence
 M - 2 scrolls of enchant armour
 O - a scroll of amnesia
Potions
 d - 4 potions of might
 f - 2 potions of lignification
 m - 2 potions of attraction
 q - a potion of mutation
 r - 7 potions of brilliance
 B - 2 potions of invisibility {unknown}
 D - 7 potions of curing
 G - 3 potions of ambrosia
Miscellaneous
 h - a lightning rod (4/4)


   Skills:
 * Level 12.2 Fighting
 + Level 14.3 Polearms
 + Level 10.3 Armour
 + Level 3.5 Dodging
 + Level 9.3 Stealth
 + Level 9.8 Shields
 * Level 5.4 Spellcasting
 + Level 0.4 Conjurations
 * Level 6.3 Hexes
 + Level 1.2 Invocations
 + Level 6.1 Evocations


You had 20 spell levels left.
You knew the following spells:

 Your Spells              Type           Power      Damage    Failure   Level
a - Dazzling Flash        Conj/Hex       16%        N/A       91%         3

Your spell library contained the following spells:

 Spells                   Type           Power      Damage    Failure   Level
 Confusing Touch          Hex            13%        N/A       54%         3
 Cause Fear               Hex            6%         N/A       91%         4
 Kiss of Death            Conj/Necr      8%         2d6       95%         1
 Sandblast                Erth           4%         2d4       96%         1
 Passwall                 Tmut/Erth      1%         N/A       99%         2
 Ignite Poison            Fire/Tmut/Pois 2%         N/A       100%        3
 Kindle Blastsparks       Fire/Tloc/Air  4%         2d10      100%        3
 Stone Arrow              Conj/Erth      4%         3d7       100%        3
 Dispel Undead            Necr           2%         3d7       100%        4
 Iskenderun's Mystic Bla  Conj/Tloc      2%         2d3       100%        4
 Agony                    Necr           2%         N/A       100%        5
 Freezing Cloud           Conj/Ice/Air   1%         6-21      100%        5
 Silence                  Hex/Air        4%         N/A       100%        5
 Starburst                Conj/Fire      1%         6d3       100%        6
 Dragon Form              Tmut           1%         N/A       100%        7
 Dragon's Call            Summ           1%         N/A       100%        9


Dungeon Overview and Level Annotations

Branches:
Dungeon (15/15)            Temple (1/1) D:6            Lair (1/5) D:10
    Orc (0/2) D:9          Vaults (0/5) D:14         Depths (0/4) D:15
Gauntlet (1/1)

Altars:
Ashenzari
Cheibriados
Dithmenos
Elyvilon
Fedhas
Gozag
Hepliaklqana
Kikubaaqudgha
Makhleb
Nemelex Xobeh
Okawaru
Qazlal
Ru
Sif Muna
Trog
Uskayaw
Vehumet
Wu Jian
Xom
Yredelemnul
Zin
The Shining One
Jiyva

Shops:
D:1 [*!   D:8 (   D:11 *   D:14 *

Portals:
Trove: D:10 (give 10 potions of heal wounds)

Annotations:
D:5 2 transporters, Shayle's ghost, novice DsRe
D:9 3 runed translucent doors, Groverdextrious's ghost, novice GnWn Gauntlet 13 transporters, 21 runed translucent doors


Innate Abilities, Weirdness & Mutations

Your life essence is reduced to manifest your ancestor. (-10% HP)
You cannot be hasted, slowed, berserked, paralysed or teleported.
You can dig through walls and to a lower floor.
You have a pair of large antennae on your head. (SInv)
Your four strong arms can wield two-handed weapons with a shield.
You are somewhat resistant to further mutation.
You expend magic power (3 MP) to strengthen your wands.


Message History

The death drake is almost dead.
You feel sick. The wolf spider zombie hits you!
* * * LOW HITPOINT WARNING * * *
The wolf spider zombie bites you.
* * * LOW HITPOINT WARNING * * *
The death drake breathes miasma at you. The foul vapour engulfs you!
You are lethally poisoned!
* * * LOW HITPOINT WARNING * * *
You feel much better.
You are engulfed in dark miasma.
You are lethally poisoned!
* * * LOW HITPOINT WARNING * * *
You feel extremely sick.
The wolf spider zombie barely misses you. x2
You block the death drake's attack.
You feel much better.
You are engulfed in dark miasma.
You are more poisoned.
* * * LOW HITPOINT WARNING * * *
You feel extremely sick.
You block the wolf spider zombie's attack.
The wolf spider zombie bites you but does no damage.
The wolf spider zombie hits you but does no damage.
The wolf spider zombie bites you but does no damage.
You feel better.
You are engulfed in dark miasma.
You are lethally poisoned!
* * * LOW HITPOINT WARNING * * *
x2 You feel extremely sick.
The death drake bites you but does no damage.
You block the wolf spider zombie's attack. x2
* * * LOW HITPOINT WARNING * * *
You feel very sick.
The spectral wolf spider barely misses you.
You block the spectral wolf spider's attack.
The spectral wolf spider attacks as you move away!
You block the spectral wolf spider's attack. x2
The wolf spider zombie attacks as you move away!
The wolf spider zombie hits you!
* * * LOW HITPOINT WARNING * * *
The wolf spider zombie bites you but does no damage.
You die...

#8# #8# #8# #8# #8#
#####################
###≈...................
#8#....................
###.###########.#######
#.#..).©[?..#.#xX?=©"
###.#..#{..#..#.#x^....
#8#.#.#######.#.#x#####
###.##@.#.#..##.#.#.#.#
#.#...Zk....#.#....©.
###.##.Z#.#..##.##.#.#^
#8#.#.##Z..##.#.#x#####
###.#..#...#Z.#.#Xx....
#.#...#.#...#.#Xx....
###.###################
#8#.....#©...........©.
###≈....#############.#


You could see a death drake (slow, drained), a spectral wolf spider, a spectral
centaur warrior and a wolf spider zombie.

Vanquished Creatures
  Louise (D:14)
  A juggernaut skeleton (D:15)
  3 vault guards
  7 two-headed ogres
  A centaur warrior (D:13)
  3 boulder beetles
  A tengu warrior (D:13)
  Sonja (D:13)
  A soul eater (Gauntlet)
  2 skeletal warriors
  A wizard (D:14)
  2 deep elf pyromancers
  A fire giant zombie (D:15)
  2 manticores
  An oklob plant (Gauntlet)
  8 ugly things
  Joseph (D:8)
  2 cane toads (Lair:1)
  An unseen horror (D:12)
  2 freezing wraiths (D:14)
  2 efreet
  A rime drake (Lair:1)
  A tengu conjurer (D:13)
  A guardian mummy (D:14)
  A troll (D:11)
  3 meliai (D:13)
  A hornet (D:9)
  A spriggan zombie (D:15)
  Sigmund (D:5)
  A wraith (D:12)
  2 wyverns
  12 yaks
  8 vampire mosquitoes
  Menkaure (D:5)
  Edmund (D:6)
  An acid dragon (Gauntlet)
  Duvessa (D:5)
  2 water moccasins
  A swamp drake (D:9)
  An ice beast (D:6)
  2 orc warriors
  A black bear (D:4)
  A sky beast (D:7)
  2 wolves (Lair:1)
  An ogre (D:5)
  6 centaurs
  A kobold brigand (D:10)
  2 gnoll sergeants
  3 bullfrogs
  2 necrophages
  A scorpion (D:6)
  4 wights (D:6)
  Dowan (D:5)
  7 killer bees
  A howler monkey (D:13)
  8 hounds
  2 gnoll boudas
  8 orc priests
  Natasha (thrice) (D:3)
  4 hexers
  4 iguanas
  10 orc wizards
  15 gnolls
  9 adders
  3 shadow imps (Gauntlet)
  An ufetubus (D:6)
  3 worms
  2 dart slugs (D:1)
  32 orcs
  6 bats
  5 endoplasms
  2 giant cockroaches (D:2)
  5 goblins
  6 hobgoblins
  10 jackals
  4 quokkas
  10 ball pythons
  A frilled lizard (D:2)
  6 kobolds
  7 rats
286 creatures vanquished.

Vanquished Creatures (collateral kills)
  Erolcha (D:13)
  A vault guard (D:14)
  3 hydras
  A centaur warrior (D:14)
  A catoblepas (D:14)
  Erica (D:9)
  An ogre mage (D:15)
  A vampire mage (D:15)
  A necromancer (D:15)
  A deep elf pyromancer (D:13)
  5 ugly things
  A cyclops (D:15)
  A cane toad (Lair:1)
  A gargoyle (D:12)
  A komodo dragon (D:12)
  A spriggan zombie (D:15)
  A rime drake (shapeshifter) (D:15)
  A wraith (D:10)
  2 yaks
  A steam dragon (D:9)
  An acid dragon (Gauntlet)
  3 orc warriors
  A boggart (D:14)
  3 centaurs
  A kobold brigand (D:10)
  5 killer bees
  An orc wizard (D:9)
  4 gnolls
  A shadow imp (Gauntlet)
  A worm (D:5)
  4 orcs
  6 kobolds (D:10)
58 creatures vanquished.

Vanquished Creatures (others)
  19 hexers
  2 ancestors (D:6)
  14 demonic plants (Gauntlet)
  13 plants
  29 withered plants
77 creatures vanquished.

Grand Total: 421 creatures vanquished

Notes
Turn   | Place    | Note
-------+----------+-------------------------------------------
     0 | D:1      | greenreed the Formicid Fighter began the quest for the Orb.
     0 | D:1      | Reached XP level 1. HP: 18/18 MP: 1/1
    44 | D:1      | Reached XP level 2. HP: 24/24 MP: 2/2
   230 | D:1      | Reached XP level 3. HP: 29/29 MP: 3/3
   470 | D:1      | Found Tozat's Distillery.
   489 | D:1      | Bought a potion of curing for 39 gold pieces
   555 | D:1      | Found Papp's General Store.
   647 | D:1      | Found Apomic's Armour Shop.
   783 | D:2      | Reached skill level 3 in Polearms
   837 | D:2      | Reached XP level 4. HP: 32/37 MP: 4/4
  1339 | D:3      | Noticed Natasha
  1343 | D:3      | Killed Natasha
  1344 | D:3      | Reached skill level 4 in Polearms
  1344 | D:3      | Reached XP level 5. HP: 36/42 MP: 5/5
  1356 | D:3      | Noticed Natasha
  1366 | D:3      | Killed Natasha
  1418 | D:3      | Noticed Natasha
  1422 | D:3      | Killed Natasha
  1901 | D:4      | Reached XP level 6. HP: 48/48 MP: 6/6
  1917 | D:4      | Noticed a black bear
  1939 | D:4      | Killed a black bear
  1940 | D:4      | Reached skill level 5 in Polearms
  1940 | D:4      | Reached skill level 1 in Evocations
  2028 | D:4      | Found a glowing golden altar of the Shining One.
  2061 | D:4      | Reached XP level 7. HP: 55/55 MP: 7/7
  2188 | D:4      | Reached skill level 1 in Dodging
  2225 | D:4      | Found a hazy altar of Hepliaklqana.
  2246 | D:4      | Became a worshipper of Hepliaklqana the Forgotten
  2431 | D:4      | Found a shimmering blue altar of Sif Muna.
  2522 | D:5      | Entered Level 5 of the Dungeon
  2536 | D:4      | Reached skill level 6 in Polearms
  2696 | D:5      | Noticed a water moccasin
  2703 | D:5      | Killed a water moccasin
  2727 | D:5      | Reached XP level 8. HP: 12/61 MP: 8/8
  2925 | D:5      | Found an ancient bone altar of Kikubaaqudgha.
  2941 | D:5      | Noticed Menkaure
  2950 | D:5      | Killed Menkaure
  2951 | D:5      | Reached skill level 5 in Fighting
  3101 | D:5      | Noticed Duvessa
  3101 | D:5      | Noticed Dowan
  3460 | D:5      | Killed Duvessa
  3585 | D:5      | Killed Dowan
  3665 | D:5      | Reached skill level 7 in Polearms
  3840 | D:5      | Noticed Sigmund
  3862 | D:5      | Killed Sigmund
  3863 | D:5      | Reached skill level 5 in Armour
  3951 | D:5      | Found a transporter.
  3957 | D:5      | Identified the +11 trident of Wewkoaze {holy, Fly rF++
                  | Will+}
  3977 | D:5      | Noticed Shayle's ghost (novice DsRe)
  3979 | D:5      | Identified the +5 giant club of Puhuve Tugoa {holy, rC+}
  3980 | D:5      | Found a transporter.
  4001 | D:5      | Reached * piety under Hepliaklqana
  4215 | D:1      | Bought a potion of might for 56 gold pieces
  4460 | D:6      | Reached XP level 9. HP: 32/62 MP: 9/9
  4473 | D:6      | Reached skill level 8 in Polearms
  4678 | D:6      | Found a staircase to the Ecumenical Temple.
  4688 | Temple   | Entered the Ecumenical Temple
  4989 | D:6      | Noticed Edmund
  5001 | D:6      | Killed Edmund
  5002 | D:6      | Reached skill level 9 in Polearms
  5173 | D:6      | Learned a level 3 spell: Dazzling Flash
  5499 | D:7      | Reached ** piety under Hepliaklqana
  5500 | D:7      | Remembered your ancestor Qitarah as a hexer
  5857 | D:7      | You are sucked into a shaft and drop 3 floors!
  5857 | D:10     | Entered Level 10 of the Dungeon
  5897 | D:10     | Found a staircase to the Lair.
  5922 | D:10     | Reached XP level 10. HP: 69/69 MP: 10/10
  6147 | D:10     | Found a portal to a secret trove of treasure.
  6197 | D:10     | Reached skill level 10 in Polearms
  6350 | D:10     | Found a sparkling altar of Nemelex Xobeh.
  6475 | D:10     | Reached skill level 5 in Shields
  6572 | D:9      | Found a shadowy altar of Dithmenos.
  6789 | D:8      | Found Zohuzxyt's Weapon Shop.
  6796 | D:8      | Reached skill level 5 in Evocations
  6796 | D:8      | Found an opulent altar of Gozag.
  6852 | D:8      | Reached *** piety under Hepliaklqana
  6864 | D:8      | Noticed Joseph
  6879 | D:8      | Killed Joseph
  7116 | D:8      | Reached skill level 11 in Polearms
  7136 | D:8      | Reached XP level 11. HP: 49/77 MP: 11/11
  7614 | D:9      | Noticed Erica
  7617 | D:9      | Killed Erica
  7618 | D:9      | Reached skill level 12 in Polearms
  7762 | D:9      | Found a basalt altar of Yredelemnul.
  7785 | D:9      | Found a runed translucent gate.
  7785 | D:9      | Found a runed translucent gate.
  7786 | D:9      | Found a runed translucent gate.
  7787 | D:9      | Noticed Groverdextrious's ghost (novice GnWn)
  7791 | D:9      | Found a viscous altar of Jiyva.
  7973 | D:9      | Found a bloodstained altar of Trog.
  8024 | D:9      | Noticed a two-headed ogre
  8032 | D:9      | Killed a two-headed ogre
  8041 | D:9      | Found a staircase to the Orcish Mines.
  9260 | D:11     | Found Seacief's General Store.
  9269 | D:11     | Bought a scroll of identify for 28 gold pieces
  9269 | D:11     | Bought a scroll of identify for 28 gold pieces
  9273 | D:11     | Gained mutation: You expend magic power (3 MP) to
                  | strengthen your wands. [potion of mutation]
  9273 | D:11     | Gained mutation: You are somewhat resistant to further
                  | mutation. [potion of mutation]
  9530 | D:12     | Noticed a manticore
  9902 | D:12     | Killed a manticore
 10101 | D:12     | Noticed a two-headed ogre
 10110 | D:12     | Killed a two-headed ogre
 10111 | D:12     | Reached skill level 13 in Polearms
 10123 | D:12     | Reached **** piety under Hepliaklqana
 10212 | D:12     | Reached XP level 12. HP: 85/85 MP: 12/12
 10717 | D:13     | Noticed a centaur warrior
 10777 | D:13     | Noticed a boulder beetle
 10881 | D:13     | Killed a boulder beetle
 10890 | D:13     | Killed a centaur warrior
 10891 | D:13     | Reached skill level 5 in Stealth
 11364 | D:13     | Noticed Sonja
 11371 | D:13     | Killed Sonja
 11417 | D:13     | Noticed a tengu warrior
 11431 | D:13     | Killed a tengu warrior
 11568 | D:13     | Noticed a six-headed hydra
 11573 | D:13     | Killed a six-headed hydra
 11574 | D:13     | Reached skill level 14 in Polearms
 11604 | D:13     | Noticed a five-headed hydra
 11609 | D:13     | Killed a five-headed hydra
 11610 | D:13     | Reached skill level 10 in Fighting
 11839 | D:13     | Noticed Erolcha
 11845 | D:13     | Killed Erolcha
 11846 | D:13     | Reached skill level 1 in Spellcasting
 11846 | D:13     | Reached skill level 1 in Hexes
 11846 | D:13     | Reached XP level 13. HP: 92/92 MP: 12/14
 12635 | D:14     | Reached ***** piety under Hepliaklqana
 12648 | D:14     | Found a gate to the Vaults.
 12648 | D:14     | Noticed a vault guard
 12648 | D:14     | Noticed a vault guard
 12648 | D:14     | Noticed a vault guard
 12648 | D:14     | Noticed a vault guard
 12648 | D:14     | Noticed a catoblepas
 12687 | D:14     | Killed a vault guard
 12699 | D:14     | Killed a vault guard
 12705 | D:14     | Killed a catoblepas
 12863 | D:13     | Killed a vault guard
 13238 | D:14     | Killed a vault guard
 13333 | D:14     | Noticed a centaur warrior
 13342 | D:14     | Killed a centaur warrior
 13709 | D:14     | Identified the +9 great sword "Ryoq" {drain, rN+ Str+4}
 14045 | D:14     | Found Joegopi's General Store.
 14055 | D:14     | Bought a scroll of identify for 28 gold pieces
 14115 | D:14     | Noticed Louise
 14133 | D:14     | Killed Louise
 14360 | D:14     | Noticed a seven-headed hydra
 14368 | D:14     | Killed a seven-headed hydra
 14369 | D:14     | Reached XP level 14. HP: 101/101 MP: 20/20
 14437 | D:14     | Identified the +9 trident "Qefo" {drain, rElec rN+ Str-2
                  | Dex+5}
 14595 | D:15     | Entered Level 15 of the Dungeon
 14605 | D:15     | Reached skill level 5 in Hexes
 14711 | D:15     | Found a staircase to the Depths.
 15124 | D:15     | Reached skill level 10 in Armour
 15301 | D:15     | Reached skill level 5 in Spellcasting
 16041 | Lair:1   | Entered Level 1 of the Lair of Beasts
 16229 | Lair:1   | Found a gate leading to a gauntlet.
 16239 | Gauntlet | Entered a Gauntlet
 16239 | Gauntlet | Found a transporter.
 16311 | Gauntlet | Found a transporter.
 16311 | Gauntlet | Found a transporter.
 16313 | Gauntlet | Found a transporter.
 16315 | Gauntlet | Found a large runed translucent door.
 16315 | Gauntlet | Found a large runed translucent door.
 16326 | Gauntlet | Found a transporter.
 16342 | Gauntlet | Found a transporter.
 16349 | Gauntlet | Found a transporter.
 16369 | Gauntlet | Found a transporter.
 16383 | Gauntlet | Found a transporter.
 16391 | Gauntlet | Found a large runed translucent door.
 16392 | Gauntlet | Found a large runed translucent door.
 16393 | Gauntlet | Found a large runed translucent door.
 16393 | Gauntlet | Found a large runed translucent door.
 16394 | Gauntlet | Found a runed translucent gate.
 16395 | Gauntlet | Found a transporter.
 16395 | Gauntlet | Found a runed translucent gate.
 16396 | Gauntlet | Found a runed translucent gate.
 16397 | Gauntlet | Found a large runed translucent door.
 16397 | Gauntlet | Found a large runed translucent door.
 16398 | Gauntlet | Found a large runed translucent door.
 16399 | Gauntlet | Found a large runed translucent door.
 16407 | Gauntlet | Found a transporter.
 16419 | Gauntlet | Found a transporter.
 16431 | Gauntlet | Found a transporter.
 16448 | Gauntlet | Found a transporter.
 16466 | Gauntlet | Found a transporter.
 16468 | Gauntlet | Found a transporter.
 16498 | Gauntlet | Found a transporter.
 16576 | Gauntlet | Found a transporter.
 16592 | Gauntlet | Found a large runed translucent door.
 16592 | Gauntlet | Found a large runed translucent door.
 16592 | Gauntlet | Found a runed translucent door.
 16592 | Gauntlet | Found a runed translucent door.
 16593 | Gauntlet | Found a large runed translucent door.
 16614 | Gauntlet | Found a large runed translucent door.
 16614 | Gauntlet | Found a large runed translucent door.
 16615 | Gauntlet | Found a large runed translucent door.
 16721 | Gauntlet | Reached skill level 1 in Invocations
 16783 | Gauntlet | Identified the +2 glaive "Ecrifeiff" {vorpal, *Corrode
                  | Dex+6}
 16853 | Gauntlet | HP: 3/87 [wolf spider zombie (9)]
 16853 | Gauntlet | Succumbed to a death drake's dark miasma

Illustrated notes

Levels and vault maps discovered:
D:1:      minmay_arrival_open_corners, layout_loops_ring, serial_shops, shop,
          shop, shop
D:2:      layout_rooms, grunt_decor_mini_mirrors
D:3:      layout_basic, nicolae_titane, uniq_natasha
D:4:      layout_rooms, mainiacjoe_overflow_tiny_flanked,
          mainiacjoe_overflow_paths, old_standard_altar, hex_medium
D:5:      layout_basic, overflow_temple_1_default, gammafunk_ghost_smash,
          uniq_menkaure, uniq_sigmund, uniq_duvessa
D:6:      layout_loops_ring, minmay_temple_entry_mist, uniq_edmund
D:7:      layout_loops_ring
D:8:      layout_loops_ring, mainiacjoe_overflow_alcove_1, serial_shops, shop,
          uniq_joseph
D:9:      layout_roguey, mainiacjoe_overflow_alcove_4,
          grunt_temple_overflow_open, erik_orc_1, gammafunk_ghost_ooze,
          uniq_erica
D:10:     layout_rooms, mainiacjoe_overflow_six_doors_small, dpeg_oklobed_lair,
          enter_trove_2
D:11:     layout_gridville, serial_shops,
          nicolae_shop_temple_entry_statues_fountains
D:12:     layout_small_grid
D:13:     layout_basic, uniq_erolcha, uniq_sonja
D:14:     layout_loops_corners, lightli_vaults_fourway_checkpoint, serial_shops,
          nicolae_shop_statue_plus, uniq_louise
D:15:     gammafunk_depths_entry_grave, layout_cave_pools, serial_park_tiny_1
Temple:   nicolae_temple_bog_church
Lair:1:   dreamdust_labyrinth, layout_long_grid, gauntlet_entry_generic,
          beast_lair_carwin_7, lemuel_fruit_tree
Gauntlet: gammafunk_gauntlet_one_two_three [nicolae_gauntlet_arena_blocks,
          gammafunk_gauntlet_arena_mazey, gammafunk_gauntlet_arena_arrow_garden,
          gammafunk_gauntlet_arena_chambers, gammafunk_gauntlet_arena_teeth,
          minmay_gauntlet_arena_make_your_own_arena,
          gammafunk_gauntlet_arena_hedges, nicolae_gauntlet_arena_grate_2,
          nicolae_gauntlet_arena_t_cross,
          nicolae_gauntlet_exit_dead_adventurers]

Skill      XL: |  1  2  3  4  5  6  7  8  9 10 11 12 13 14 |
---------------+-------------------------------------------+-----
Polearms       | 3 4 5 6 7 9 11 13 14 | 14.3
Fighting       | 4 5 6 8 9 10 11 12 | 12.2
Evocations     | 1 2 3 4 5 6 |  6.1
Dodging        | 1 2 3 |  3.5
Armour         | 4 5 6 8 9 10 | 10.3
Stealth        | 2 3 4 6 8 9 |  9.3
Shields        | 5 6 8 9 |  9.8
Spellcasting   | 1 4 5 |  5.4
Hexes          | 1 4 6 |  6.3
Invocations    | 1 |  1.2
Conjurations   | |  0.4

Action                   |  1- 3 |  4- 6 |  7- 9 | 10-12 | 13-15 || total
-------------------------+-------+-------+-------+-------+-------++-------
Melee: Trident           |    82 |   144 |   287 |   341 |   358 ||  1212
 Cast: Dazzling Flash    |       |       |       |       |     1 ||     1
Invok: Recall Ancestor   |       |       |     1 |     1 |     3 ||     5
       Ancestor Life: He |       |       |     1 |       |       ||     1
       Transference      |       |       |       |       |     1 ||     1
 Abil: Dig               |       |       |       |     1 |       ||     1
       Evoke Invisibilit |       |       |       |       |     1 ||     1
Evoke: Wand              |       |       |       |     9 |       ||     9
  Use: Potion            |       |       |     3 |     4 |    14 ||    21
       Scroll            |       |       |     6 |     6 |     3 ||    15
 Stab: Distracted        |       |       |     1 |     7 |     5 ||    13
       Confused          |       |       |       |     5 |     6 ||    11
       Sleeping          |       |       |       |     1 |     1 ||     2
       Paralysed         |       |       |       |     4 |       ||     4
       Petrified         |       |       |       |       |     6 ||     6
       Petrifying        |       |       |       |       |     1 ||     1
       Invisible         |       |       |       |       |     1 ||     1
Armor: Scale mail        |    28 |    54 |    56 |    42 |    24 ||   204
       Plate armour      |       |       |       |       |    10 ||    10
Dodge: Dodged            |    20 |    76 |    91 |    63 |    45 ||   295
Block: Buckler           |    19 |    45 |    51 |    29 |       ||   144
       Kite shield       |       |       |       |    56 |    90 ||   146

Table legend: (Time is in decaauts)
 A = Elapsed time spent in this place.
 B = Non-inter-level travel time spent in this place.
 C = Inter-level travel time spent in this place.
 D = Time resting spent in this place.
 E = Time spent auto-exploring this place.
 F = Levels seen in this place.
 G = Mean time per level.
                   A        B        C        D        E       F      G
               +--------+--------+--------+--------+--------+-----+--------+
         Total |  16713 |  15852 |    861 |   2460 |  10136 |  18 |  928.5 |
       Dungeon |  15770 |  14932 |    838 |   2401 |   9850 |  15 | 1051.3 |
        Temple |    147 |    124 |     23 |      0 |    114 |   1 |  147.0 |
          Lair |    190 |    190 |      0 |      0 |      0 |   1 |  190.0 |
      Gauntlet |    605 |    605 |      0 |     59 |    172 |   1 |  605.0 |
               +--------+--------+--------+--------+--------+-----+--------+

Top non-repeatable levels by time:
    D:13: 2318 daAuts
    D:14: 1941 daAuts
     D:4: 1271 daAuts
     D:5: 1253 daAuts
     D:9: 1105 daAuts
    D:12: 1057 daAuts
    D:11: 957 daAuts
     D:8: 920 daAuts
    D:10: 902 daAuts
     D:1: 797 daAuts
     D:6: 736 daAuts
    D:15: 717 daAuts
     D:7: 648 daAuts
Gauntlet: 605 daAuts
     D:2: 578 daAuts
